 Seeded DCSS version 0.31-a0-271-gb88eb75e06 (webtiles) character file.

Game seed: 14215367866634240820 (custom seed)

46 innerfire43 the Trooper (level 3, 0/29 HPs)
             Began as a Demonspawn Monk on July 12, 2023.
             Slain by a gnoll
             ... wielding a +0 club
              (2 damage)
             ... on level 2 of the Dungeon on July 14, 2023.
             The game lasted 00:02:01 (1155 turns).

innerfire43 the Trooper (Demonspawn Monk)           Turns: 1155, Time: 00:02:01

Health: 0/29       AC:  5    Str: 13    XL:     3   Next: 44%
Magic:  3/3        EV: 13    Int: 11    God:
Gold:   55         SH:  0    Dex: 15    Spells: 2/2 levels left

rFire   . . .        a - +0 hand axe
rCold   . . .        d - orb {light}
rNeg    . . .        b - +0 robe
rPois   .            j - +2 helmet
rElec   .            (no cloak)
rCorr   .            (no gloves)
SInv    .            (no boots)
Will    .....        (no amulet)
Stlth   +            (no ring)
HPRegen 0.24/turn    (no ring)
MPRegen 0.08/turn

%: no passive effects
@: glowing
A: demonic guardian 1
a: no special abilities


You were on level 2 of the Dungeon.
You visited 1 branch of the dungeon, and saw 2 of its levels.

You collected 55 gold pieces.

Inventory:

Hand Weapons
 a - a +0 hand axe (weapon)
Armour
 b - a +0 robe (worn)
 d - an orb of light (worn)
 j - a +2 helmet (worn)
Scrolls
 c - a scroll of fog {unknown}
 e - a scroll of enchant weapon {unknown}
 i - a scroll of amnesia {unknown}
Potions
 f - a potion of curing {unknown}
 h - a potion of ambrosia


   Skills:
 + Level 3.4 Fighting
 * Level 3.3 Axes
 + Level 3.1 Dodging


You had 2 spell levels left.
You didn't know any spells.
Your spell library was empty.

Dungeon Overview and Level Annotations

Branches:
Dungeon (2/15)

Altars:


Innate Abilities, Weirdness & Mutations

A weak demonic guardian rushes to your aid.


Message History

You throw a silver javelin.
The silver javelin pierces through the gnoll but does no damage.
The gnoll is moderately wounded.
The gnoll barely misses you. The gnoll hits you with a +0 club. x3
You throw a silver javelin.
The silver javelin hits the gnoll and shatters, but does no damage.
The gnoll is moderately wounded.
The gnoll barely misses you. The gnoll hits you but does no damage.
The gnoll hits you with a +0 club. The gnoll attacks as you move away!
The gnoll barely misses you.
You throw a silver javelin.
The silver javelin pierces through the gnoll.
The gnoll is severely wounded.
The silver javelin pierces through the gnoll!
The gnoll is severely wounded.
The silver javelin pierces through the gnoll but does no damage.
The gnoll is lightly wounded.
The gnoll misses you. The gnoll completely misses you.
The gnoll hits you but does no damage.
The gnoll hits you from afar with a +0 spear.
You throw a silver javelin.
The silver javelin barely misses the gnoll. x3
The gnoll hits you but does no damage.
The gnoll hits you from afar with a +0 spear.
Unknown command.
Nothing quivered!
You hit the gnoll.
The gnoll is almost dead.
The gnoll hits you but does no damage.
The gnoll hits you from afar with a +0 spear.
A demonic guardian appears!
You barely miss the gnoll.
The gnoll is almost dead.
You hit the gnoll.
The gnoll hits you from afar with a +0 spear.
* * * LOW HITPOINT WARNING * * *
The gnoll hits you with a +0 club.
* * * LOW HITPOINT WARNING * * *
The gnoll hits you with a +0 club.
You die...

########
..(.... .....
#####.....
#....##..##
#....##g..#
###.....#g# #
#.......#@#.##
#.......g..#
##....5.....#
##...........#
#
##......#####.#
## ###.......#
..#
.####....#....#
.#
......#...#####
.#
...........##


You could see 3 gnolls and a friendly white imp (summoned).

Vanquished Creatures
  A dart slug (D:1)
  3 ball pythons (D:1)
  5 endoplasms
  A giant cockroach (D:1)
  4 goblins
  3 hobgoblins
  6 jackals (D:1)
  2 kobolds (D:1)
  4 quokkas (D:1)
  3 bats
  2 frilled lizards (D:1)
  2 rats (D:1)
36 creatures vanquished.

Notes
Turn   | Place    | Note
-------+----------+-------------------------------------------
     0 | D:1      | innerfire43 the Demonspawn Monk began the quest for the
                  | Orb.
     0 | D:1      | Reached XP level 1. HP: 18/18 MP: 1/1
     0 | D:1      | Upgraded the game from 0.31-a0-246-g8cbcc1cb85 to
                  | 0.31-a0-271-gb88eb75e06
    62 | D:1      | Gained mutation: A weak demonic guardian rushes to your
                  | aid. [demonic ancestry]
    62 | D:1      | Reached XP level 2. HP: 13/24 MP: 2/2
   463 | D:1      | Reached XP level 3. HP: 27/29 MP: 3/3
  1155 | D:2      | Slain by a gnoll

Illustrated notes

Levels and vault maps discovered:
D:1:      dpeg_arrival_castle, layout_basic, serial_forest,
          infiniplex_forest_straight_2, infiniplex_forest_straight_3,
          infiniplex_forest_clump_double, infiniplex_forest_lined_1,
          infiniplex_forest_clump_small, infiniplex_forest_straight_2,
          infiniplex_forest_lined_3_way
D:2:      layout_rooms

Skill      XL: |  1  2 |
---------------+-------+-----
Axes           | 3 |  3.3
Dodging        | 3 |  3.1
Fighting       | |  3.4

Action                     || total
---------------------------++-------
  Melee: Hand axe          ||    93
  Throw: Javelin           ||     5
    Use: Potion            ||     1
 Armour: Robe              ||    37
  Dodge: Dodged            ||   109

Table legend: (Time is in decaauts)
 A = Elapsed time spent in this place.
 B = Non-inter-level travel time spent in this place.
 C = Inter-level travel time spent in this place.
 D = Time resting spent in this place.
 E = Time spent auto-exploring this place.
 F = Levels seen in this place.
 G = Mean time per level.
                   A        B        C        D        E       F      G
               +--------+--------+--------+--------+--------+-----+--------+
         Total |   1178 |   1095 |     83 |      0 |    875 |   2 |  589.0 |
       Dungeon |   1178 |   1095 |     83 |      0 |    875 |   2 |  589.0 |
               +--------+--------+--------+--------+--------+-----+--------+

Top non-repeatable levels by time:
     D:1: 1073 daAuts
     D:2: 104 daAuts
